 Dungeon Crawl Stone Soup version 0.30.0-10-gfe55d96785 (webtiles) character file.

Game seed: 13713512320351075577

1110 FishyPogo the Grave Robber (level 8, -1/60 HPs)
             Began as a Demonspawn Necromancer on May 15, 2023.
             Was a Plaything of Xom.
             Slain by Menkaure (20 damage)
             ... on level 5 of the Dungeon.
             The game lasted 00:27:24 (4268 turns).

FishyPogo the Grave Robber (Demonspawn Necromancer) Turns: 4268, Time: 00:27:27

Health: -1/60      AC:  5    Str: 14    XL:     8   Next: 11%
Magic:  20/20      EV: 12    Int: 18    God:    Xom [...*..]
Gold:   220        SH:  0    Dex: 15    Spells: 7/11 levels left

rFire   . . .        q - +5 halberd
rCold   . . .        (shield currently unavailable)
rNeg    . . .        x - +0 leather armour
rPois   .            (no helmet)
rElec   .            c - +0 cloak
rCorr   .            e - +0 pair of gloves
SInv    .            (no boots)
Will    .....        t - amulet of magic regeneration
Stlth   ++           g - +6 ring of strength
HPRegen 0.30/turn    k - ring of magical power
MPRegen 0.57/turn

%: no passive effects
@: weak-willed, cleaving
A: hooves 1, demonic guardian 2, demonic magic 1
a: Renounce Religion


You were on level 5 of the Dungeon.
You worshipped Xom.
You were a favourite toy of Xom.
You visited 1 branch of the dungeon, and saw 5 of its levels.

You collected 220 gold pieces.

Inventory:

Hand Weapons
 q - a +5 halberd (weapon)
Missiles
 f - 9 curare-tipped darts (quivered)
 i - 34 stones
 r - 2 throwing nets
Armour
 a - a +0 robe
 c - a +0 cloak (worn)
 e - a +0 pair of gloves (worn)
 x - a +0 leather armour (worn)
Magical Staves
 v - a staff of poison
Jewellery
 g - a +6 ring of strength (left hand)
 k - a ring of magical power (right hand)
 l - a +6 ring of strength
 o - a ring of magical power
 t - an amulet of magic regeneration (around neck)
 y - the amulet of Elemental Vulnerability {rPois rF-- rC-- AC+8}
   (You found it on level 4 of the Dungeon)

   [amulet of nothing]

   AC:        It affects your AC (+8).
   rF:        It makes you very vulnerable to fire.
   rC:        It makes you very vulnerable to cold.
   rPois:     It protects you from poison.
Scrolls
 m - 2 scrolls of identify
 n - a scroll of enchant weapon
 u - a scroll of torment
 A - a scroll of amnesia
Potions
 b - 3 potions of magic
 d - 2 potions of heal wounds
 h - 2 potions of brilliance
 j - 4 potions of curing
 p - 2 potions of degeneration {unknown}
 s - a potion of lignification
 w - 2 potions of cancellation


   Skills:
 + Level 4.3 Fighting
 * Level 4.9 Polearms
 + Level 3.3 Armour
 - Level 3.0 Dodging
 - Level 2.0 Stealth
 - Level 1.0 Unarmed Combat
 - Level 2.0 Spellcasting
 - Level 6.0 Necromancy


You had 7 spell levels left.
You knew the following spells:

 Your Spells              Type           Power      Damage    Failure   Level
a - Necrotise             Necr           92%        1d8       1%          1
b - Vampiric Draining     Necr           23%        2d7       5%          3

Your spell library contained the following spells:

 Spells                   Type           Power      Damage    Failure   Level
 Animate Dead             Necr           23%        N/A       19%         4
 Agony                    Necr           23%        N/A       45%         5


Dungeon Overview and Level Annotations

Branches:
Dungeon (5/15)             Temple (0/1) D:5

Altars:
Kikubaaqudgha
Xom

Annotations:
D:5 Menkaure


Innate Abilities, Weirdness & Mutations

You have large cloven feet.
A demonic guardian rushes to your aid.
Spells you cast may paralyse adjacent enemies.


Message History

Press: ? - help, Dir - move target, f - white imp, p - Menkaure
Aim: a white imp (about 37% to evade your +5 halberd)
You reach to attack!
You slash the white imp!
The white imp is severely wounded.
Your adder skeleton bites Menkaure.
Menkaure closely misses your adder skeleton.
Your adder skeleton bites Menkaure but does no damage.
Menkaure calls on the powers of darkness!
Your body is wracked with pain!
You puncture the white imp!
You kill the white imp!
Your adder skeleton bites Menkaure but does no damage.
Your adder skeleton barely misses Menkaure.
Menkaure barely misses your adder skeleton.
Your adder skeleton bites Menkaure but does no damage.
Your adder skeleton barely misses Menkaure.
You reach to attack!
You barely miss Menkaure.
Menkaure is lightly damaged.
Menkaure hits your adder skeleton!
Your adder skeleton bites Menkaure. x2
Menkaure giggles, "These cerements are ticklish..."
Menkaure hits your adder skeleton!
Your adder skeleton is destroyed!
As you read the scroll labelled EFRUNK OC NIR, it crumbles to dust.
The scroll dissolves into smoke.
It was a scroll of fog.
Your adder skeleton bites Menkaure but does no damage.
Menkaure calls on the powers of darkness!
Your body is wracked with pain!
* * * LOW HITPOINT WARNING * * *
As you read the scroll labelled WANYRGHE METHAE, it crumbles to dust.
Magic quickly surges around you.
It was a scroll of vulnerability. "Go forth and destroy!"
Your +5 halberd looks sharp.
Your adder skeleton bites Menkaure.
You feel much better.
Menkaure calls on the powers of darkness!
Your body is wracked with pain!
Your adder skeleton bites Menkaure but does no damage.
Menkaure hits you!!
You die...
Xom chortles!

####### #####.....#####
#...#.....#...### #
..8....>....8..§## ..#
#...#.....#...#§@#.?>.#
#####.....#####§§M§#
####### +§§§Z§# ##.#..#
.....# #..##.# #..# .#
..#. .. .. . ##


You could see Menkaure (fast, weak-willed, ally target) and a friendly adder
skeleton (weak-willed).

Vanquished Creatures
  A black bear (D:5)
  2 ogres
  2 phantoms (D:5)
  A gnoll sergeant (D:4)
  2 scorpions (D:5)
  3 hounds (D:5)
  3 iguanas
  An orc wizard (D:5)
  7 gnolls
  4 adders
  2 white imps (D:5)
  3 worms
  2 dart slugs (D:3)
  An orc (D:3)
  10 ball pythons
  6 endoplasms
  5 giant cockroaches
  6 goblins
  7 hobgoblins
  10 jackals (D:3)
  5 quokkas
  6 bats
  3 frilled lizards (D:1)
  A kobold (D:1)
  4 rats
97 creatures vanquished.

Vanquished Creatures (collateral kills)
  A gnoll bouda (D:4)
  An iguana (D:5)
  6 gnolls
  A dart slug (D:2)
  An orc (D:5)
  A giant cockroach (D:4)
  2 jackals (D:3)
  A kobold (D:3)
14 creatures vanquished.

Grand Total: 111 creatures vanquished

Notes
Turn   | Place    | Note
-------+----------+-------------------------------------------
     0 | D:1      | FishyPogo the Demonspawn Necromancer began the quest for
                  | the Orb.
     0 | D:1      | Reached XP level 1. HP: 13/13 MP: 3/3
   288 | D:1      | Gained mutation: A weak demonic guardian rushes to your
                  | aid. [demonic ancestry]
   288 | D:1      | Reached XP level 2. HP: 11/20 MP: 0/5
  1296 | D:2      | Reached skill level 1 in Fighting
  1318 | D:2      | Gained mutation: You have large cloven feet. [demonic
                  | ancestry]
  1318 | D:2      | Reached XP level 3. HP: 26/26 MP: 6/6
  1322 | D:2      | Learned a level 3 spell: Vampiric Draining
  1374 | D:2      | Reached skill level 5 in Necromancy
  1512 | D:2      | Found a faded altar of an unknown god.
  1517 | D:2      | Prayed at the altar of an unknown god.
  1517 | D:2      | Became a worshipper of Xom of Chaos
  2124 | D:2      | XOM: noise
  2190 | D:3      | Gained mutation: Spells you cast may paralyse adjacent
                  | enemies. [demonic ancestry]
  2190 | D:3      | Reached XP level 4. HP: 33/33 MP: 7/7
  2563 | D:3      | Found an ancient bone altar of Kikubaaqudgha.
  2810 | D:3      | Reached XP level 5. HP: 38/38 MP: 8/8
  3024 | D:4      | Identified a scroll of acquirement
  3024 | D:4      | Acquired a +2 hat
  3130 | D:3      | Reached skill level 1 in Unarmed Combat
  3131 | D:3      | Reached skill level 1 in Polearms
  3249 | D:4      | Noticed an ogre
  3249 | D:4      | XOM: enchant monster (good)
  3280 | D:4      | XOM: butterfly on damage
  3283 | D:4      | Killed an ogre
  3284 | D:4      | Reached skill level 1 in Armour
  3284 | D:4      | Reached XP level 6. HP: 25/46 MP: 9/9
  3334 | D:4      | Reached skill level 6 in Necromancy
  3463 | D:4      | Found the amulet of Elemental Vulnerability {rPois rF--
                  | rC-- AC+8}
  3490 | D:4      | XOM: summons 5 friendly demons
  3719 | D:5      | Entered Level 5 of the Dungeon
  3876 | D:5      | XOM: scenery: summon butterflies
  3899 | D:5      | Reached XP level 7. HP: 52/52 MP: 10/10
  3923 | D:5      | XOM: summons 4 friendly demons
  4046 | D:5      | Gained mutation: A demonic guardian rushes to your aid.
                  | [demonic ancestry]
  4046 | D:5      | Reached XP level 8. HP: 55/60 MP: 11/11
  4165 | D:5      | XOM: scenery: 1 doors open, 1 doors close
  4236 | D:5      | Found a staircase to the Ecumenical Temple.
  4257 | D:5      | Noticed Menkaure
  4267 | D:5      | XOM: cleaving
  4268 | D:5      | Slain by Menkaure

Illustrated notes

Levels and vault maps discovered:
D:1:      dpeg_arrival_line_fractal, layout_loops_corners, hex_tiny,
          minmay_tetromino_t2
D:2:      layout_basic, chequers_ecumenical_altar_simple
D:3:      layout_rooms, mainiacjoe_overflow_alcove_4, serial_aquarium,
          aquarium_bridge_straight [aquarium_subvault_bridge,
          aquarium_subvault_wall, aquarium_subvault_bridge,
          aquarium_subvault_balcony], aquarium_bridge_square
          [aquarium_subvault_window, aquarium_subvault_bridge,
          aquarium_subvault_balcony, aquarium_subvault_wall],
          aquarium_window_fake, aquarium_window_fake, aquarium_window_fake,
          aquarium_window_fake, aquarium_view_2a, aquarium_pool_2,
          kennysheep_pointless_box, grunt_ministairs_14
D:4:      layout_rooms
D:5:      minmay_bubble_buster, layout_basic, old_standard_altar,
          old_standard_altar, mainiacjoe_overflow_tiny_flanked,
          minmay_temple_entry_antechambers, uniq_menkaure

Skill      XL: |  1  2  3  4  5  6  7 |
---------------+----------------------+-----
Stealth        | 2 |  2.0
Dodging        | 2 3 |  3.0
Fighting       | 1 2 3 4 |  4.3
Necromancy     | 5 6 |  6.0
Unarmed Combat | 1 |  1.0
Polearms       | 1 3 4 |  4.9
Armour         | 1 2 3 |  3.3
Spellcasting   | |  2.0

Action                     |  1- 3 |  4- 6 |  7- 9 || total
---------------------------+-------+-------+-------++-------
  Melee: Unarmed           |    28 |       |       ||    28
         Punch             |     1 |       |       ||     1
         Halberd           |       |    35 |    26 ||    61
         Kick              |       |     3 |     6 ||     9
  Throw: Dart              |     1 |       |       ||     1
   Cast: Necrotise         |    70 |    78 |    35 ||   183
         Vampiric Draining |       |     7 |     5 ||    12
    Use: Scroll            |       |     9 |     3 ||    12
         Potion            |       |       |     1 ||     1
   Stab: Sleeping          |     1 |     1 |       ||     2
         Paralysed         |       |     2 |     3 ||     5
 Armour: Robe              |    17 |     5 |       ||    22
         Leather armour    |       |     2 |    11 ||    13
  Dodge: Dodged            |    30 |    29 |    11 ||    70
